 Dungeon Crawl Stone Soup version 0.20-a0-386-g2d247ea (console) character file.

776 Lightli the Chopper (level 7, 63/64 HPs) *WIZ*
             Began as a Hill Orc Berserker on May 28, 2020.
             Was a Believer of Trog.
             Quit the game on level 7 of the Dungeon.
             The game lasted 00:03:41 (1216 turns).

Lightli the Chopper (Hill Orc Berserker)            Turns: 1216, Time: 00:03:41

Health: 63/64      AC: 11    Str: 22    XL:     7   Next: 84%
Magic:  7/7        EV:  6    Int:  7    God:    Trog 60 (0)
Gold:   57         SH:  9    Dex: 10    Spells: 6/6 levels left

rFire  + . .     SeeInvis .     a - +0 hand axe
rCold  . . .     Gourm    .     k - +2 chain mail {rF+}
rNeg   . . .     Faith    .     h - +0 shield
rPois  .         Spirit   .     (no helmet)
rElec  .         Reflect  .     (no cloak)
rCorr  .         Harm     .     (no gloves)
MR     ++...                    (no boots)
Stlth  ..........               (no amulet)
                                (no ring)
                                (no ring)

@: exhausted, regenerating, slowed, very slow
A: no striking features
a: Berserk, Trog's Hand, Burn Spellbooks, Renounce Religion, Convert to Beogh


You were on level 7 of the Dungeon.
You worshipped Trog.
Trog was pleased with you.
You were near starving.

You visited 1 branch of the dungeon, and saw 7 of its levels.

You collected 57 gold pieces.

Inventory:

Hand Weapons
 a - a +0 hand axe (weapon)
Armour
 f - a +0 ring mail
 h - a +0 shield (worn)
 k - a +2 chain mail of fire resistance (worn)
Wands
 l - a wand of random effects (35/48)
Scrolls
 b - a scroll of fog {unknown}
 g - a scroll of identify {unknown}
 j - a scroll of immolation {unknown}
 m - a scroll of enchant armour {unknown}
 n - a scroll of noise {unknown}
Potions
 d - a potion of berserk rage {unknown}
 e - a potion of might {unknown}
Comestibles
 c - a bread ration
 i - 4 chunks of flesh


   Skills:
 * Level 6.5 Fighting
 * Level 7.4 Axes
 * Level 5.3 Armour
 - Level 1.5 Dodging
 + Level 2.8 Shields


You had 6 spell levels left.
You didn't know any spells.

Dungeon Overview and Level Annotations

Branches:
Dungeon (7/15)
 Temple: D:4-7

Altars:

Shops:
D:5 %


Message History

Unknown command.
You hit the orc wizard.
The orc wizard is heavily wounded.
Your chain mail prevents you from hitting the orc priest.
You hit the orc.
You kill the orc!
Trog accepts your kill.
Your chain mail prevents you from hitting the orc warrior.
The orc warrior hits you with a hand axe!
* * * LOW HITPOINT WARNING * * *
The orc priest hits you but does no damage.
The orc wizard hits you with a dagger.
Die?
Thought so.
You block the orc warrior's attack. The orc priest hits you with a club.
The orc wizard hits you but does no damage.
The orc priest shouts, "Join the one true god or die!"
Unknown command.
Unknown command.
Are you sure you want to abandon this character and quit the game? (Confirm with "yes".)

#..........
#..........
#####..........
#........o$....
.....o.......
...ooS....#
#ooo.....#
#)@o# #...#
#...# #...#
#...#
#...####...##
#.......$... ..
#...####... ..
#...# #..# .


You could see 2 orc warriors, 3 orc priests, an orc wizard, an adder and 2 orcs.

Vanquished Creatures
  A troll (D:6)
  Grinder (D:6)
  A phantom (D:7)
  A centaur zombie (D:5)
  2 orc priests
  A jelly (D:5)
  A centaur skeleton (D:5)
  An orc wizard (D:7)
  2 hound skeletons
  5 adders
  A howler monkey skeleton (D:5)
  3 shadow imps (D:5)
  An adder zombie (D:5)
  13 orcs
  2 bats (D:3)
  A giant cockroach (D:5)
  2 goblins (D:2)
  A quokka (D:5)
  3 frilled lizards
  A jackal skeleton (D:5)
  2 rats
46 creatures vanquished.

Vanquished Creatures (others)
  A frilled lizard (D:2)
1 creature vanquished.

Grand Total: 47 creatures vanquished

Notes
Turn   | Place    | Note
-------+----------+-------------------------------------------
     0 | D:1      | Lightli the Hill Orc Berserker began the quest for the Orb.
     0 | D:1      | Reached XP level 1. HP: 19/19 MP: 1/1
     0 | D:1      | Entered wizard mode.
    46 | D:3      | Noticed an orc priest
    56 | D:3      | HP: 1/30 [orc priest/mace (3)]
    59 | D:3      | Killed an orc priest
    59 | D:3      | Reached XP level 2. HP: 2/27 MP: 2/2
    59 | D:3      | Reached XP level 3. HP: 2/33 MP: 3/3
   441 | D:4      | Reached XP level 4. HP: 30/41 MP: 4/4
   443 | D:4      | Reached skill level 5 in Axes
   500 | D:5      | Entered Level 5 of the Dungeon
   748 | D:5      | Reached skill level 1 in Shields
   748 | D:5      | Reached XP level 5. HP: 47/47 MP: 5/5
   798 | D:5      | Reached skill level 5 in Fighting
   824 | D:5      | Found Xakhlovuepp's Food Emporium.
   837 | D:5      | Reached ** piety under Trog
   995 | D:6      | Noticed Grinder
  1007 | D:6      | Killed Grinder
  1007 | D:6      | Reached skill level 6 in Axes
  1007 | D:6      | Reached XP level 6. HP: 54/57 MP: 6/6
  1065 | D:6      | Noticed a troll
  1074 | D:6      | Killed a troll
  1074 | D:6      | Reached skill level 5 in Armour
  1074 | D:6      | Reached XP level 7. HP: 63/63 MP: 7/7
  1157 | D:7      | Reached skill level 7 in Axes
  1215 | D:7      | HP: 2/64 [orc warrior/hand axe (7)]
  1215 | D:7      | Slain by an orc wizard ... wielding a +0 dagger (2 damage)
  1216 | D:7      | Quit the game

Vault maps used:
D:1:      minmay_arrival_jagged, kennysheep_nondescript
D:2:      elyvilon_altar_4, uniq_jessica, uniq_terence
D:3:      grunt_gozag_statues
D:4:      kennysheep_mini, first_bread
D:5:      serial_shops, nicolae_shop_stone
D:6:      nicolae_overflow_quartered_altars, uniq_eustachio, uniq_grinder,
          uniq_pikel
D:7:      cheibrodos_iron_armory, uniq_menkaure

Skill      XL: |  1  2  3  4  5  6  7 |
---------------+----------------------+-----
Fighting       | 4 5 6 |  6.5
Armour         | 3 4 5 |  5.3
Axes           | 5 6 7 |  7.4
Shields        | 1 2 |  2.8
Dodging        | |  1.5

Action                   |  1- 3 |  4- 6 |  7- 9 || total
-------------------------+-------+-------+-------++-------
Melee: Hand axe          |    44 |   127 |    54 ||   225
Invok: Berserk           |     2 |     5 |     1 ||     8
       Trog's Hand       |       |       |     1 ||     1
  Eat: Chunk             |       |     7 |     1 ||     8
Armor: Animal skin       |     1 |       |       ||     1
       Ring mail         |     8 |    19 |       ||    27
       Chain mail        |       |    25 |    31 ||    56
Dodge: Dodged            |    17 |    49 |    11 ||    77
Block: Shield            |     5 |    52 |    15 ||    72
